 Dungeon Crawl Stone Soup version 0.19-a0-1907-gcff654f (webtiles) character file.

128 LORDOFBUTT the Covered (level 4, -7/40 HPs)
             Began as a Minotaur Fighter on Oct 21, 2016.
             Mangled by a gnoll
             ... wielding a +0 halberd
              (9 damage)
             ... on level 4 of the Dungeon.
             The game lasted 00:01:36 (2172 turns).

LORDOFBUTT the Covered (Minotaur Fighter)           Turns: 2172, Time: 00:01:37

Health: -7/40      AC:  7    Str: 21    XL:     4   Next: 87%
Magic:  3/3        EV:  8    Int:  8    God:
Gold:   189        SH:  9    Dex: 10    Spells: 0 memorised, 3 levels left

rFire  x . .     SeeInvis .     a - +0 war axe
rCold  + . .     Gourm    .     b - +0 scale mail
rNeg   . . .     Faith    .     c - +0 shield
rPois  .         Spirit   .     (helmet restricted)
rElec  .         Reflect  .     (no cloak)
rCorr  .         Harm     .     (no gloves)
MR     .....                    (no boots)
Stlth  ..........               (no amulet)
                                q - +3 ring of intelligence
                                l - ring of ice

@: no status effects
A: retaliatory headbutt, horns 2
a: no special abilities


You were on level 4 of the Dungeon.
You were not hungry.

You visited 1 branch of the dungeon, and saw 4 of its levels.

You collected 189 gold pieces.

Inventory:

Hand Weapons
 a - a +0 war axe (weapon)
Armour
 b - a +0 scale mail (worn)
 c - a +0 shield (worn)
Jewellery
 l - a ring of ice (left hand)
 q - a +3 ring of intelligence (right hand)
 u - an uncursed ring of fire {unknown}
 v - an uncursed amulet of harm {unknown}
Wands
 s - a wand of lightning (7/15)
Scrolls
 g - 4 scrolls of enchant weapon {unknown}
 i - 2 scrolls of identify {unknown}
 j - a scroll of random uselessness {unknown}
 k - 2 scrolls of amnesia {unknown}
 m - 2 scrolls of teleportation {unknown}
 t - a scroll of enchant armour {unknown}
Potions
 d - a potion of might
 e - a potion of cure mutation {unknown}
 h - a potion of cancellation {unknown}
 n - a potion of brilliance {unknown}
 o - a potion of curing {unknown}
 p - a potion of ambrosia {unknown}
Comestibles
 f - 2 bread rations
 r - a meat ration


   Skills:
 + Level 4.0 Fighting
 + Level 3.7 Axes
 + Level 4.8 Armour
 + Level 0.9 Dodging
 + Level 0.1 Stealth
 + Level 4.6 Shields


You had 3 spell levels left.
You didn't know any spells.

Dungeon Overview and Level Annotations

Branches:
Dungeon (4/15)
 Temple: D:4-7

Altars:
Nemelex Xobeh
Xom
Zin


Innate Abilities, Weirdness & Mutations

You reflexively headbutt those who attack you in melee.
You have a pair of horns on your head.


Message History

The gnoll hits you from afar with a halberd.
You hit the gnoll shaman.
The gnoll shaman is lightly wounded.
You block the gnoll shaman's attack. You block the gnoll's attack.
The gnoll shaman barely misses you. You furiously retaliate!
You headbutt the gnoll shaman. The gnoll barely misses you.
Your shield prevents you from hitting the gnoll shaman.
The gnoll shaman is moderately wounded.
The gnoll hits you from afar with a spear.
You block the gnoll shaman's attack.
The gnoll hits you from afar with a halberd!
The gnoll hits you from afar with a spear.
You hit the gnoll shaman but do no damage.
The gnoll shaman is moderately wounded.
The gnoll shaman hits you with a whip!
* * * LOW HITPOINT WARNING * * *
The gnoll hits you from afar with a spear.
* * * LOW HITPOINT WARNING * * *
The gnoll hits you from afar with a halberd!
You die...

... ....
....#
.....
...... ##
.....g###
.. #ggg.##
.# #@.# ..
#..#.#
###...#
#....##
#.#.##
#<#..#
#...#..#
....###...
.....#
##..#


You could see a gnoll shaman and 3 gnolls.

Vanquished Creatures
  A worker ant (D:4)
  An adder (D:2)
  An ooze (D:3)
  3 worms (D:2)
  3 dart slugs
  A leopard gecko (D:2)
  2 orcs (D:3)
  6 giant cockroaches
  11 goblins
  8 hobgoblins
  4 jackals (D:1)
  4 kobolds
  3 quokkas
  3 ball pythons
  7 bats
  5 frilled lizards
  6 rats
69 creatures vanquished.

Notes
Turn   | Place    | Note
-------+----------+-------------------------------------------
     0 | D:1      | LORDOFBUTT the Minotaur Fighter began the quest for the Orb.
     0 | D:1      | Reached XP level 1. HP: 19/19 MP: 0/0
   202 | D:1      | Reached XP level 2. HP: 23/27 MP: 1/1
   592 | D:1      | Reached XP level 3. HP: 33/33 MP: 2/2
  1041 | D:2      | Found a sparkling altar of Nemelex Xobeh.
  1144 | D:2      | Noticed an angel
  1144 | D:2      | Found a shimmering altar of Xom.
  1145 | D:2      | Found a glowing silver altar of Zin.
  1162 | D:2      | Reached XP level 4. HP: 39/40 MP: 3/3
  2172 | D:4      | HP: 2/40 [gnoll/spear (5)]
  2172 | D:4      | Mangled by a gnoll

Vault maps used:
D:1:      saegor_arrival_under_anarchy
D:2:      grunt_temple_overflow_order_and_chaos_1, marbit_many_paths
D:4:      kennysheep_goblin_castle, evilmike_ruin_ashenzari,
          kennysheep_okawaru_gauntlet, first_bread, corexii_checkpoint_a,
          uniq_menkaure

Skill      XL: |  1  2  3 |
---------------+----------+-----
Shields        | 4 |  4.6
Armour         | 4 |  4.8
Axes           | 3 |  3.7
Fighting       | 4 |  4.0
Dodging        | |  0.9
Stealth        | |  0.1

Action                   |  1- 3 |  4- 6 || total
-------------------------+-------+-------++-------
Melee: War axe           |    97 |    45 ||   142
       Headbutt          |    14 |     9 ||    23
  Eat: Bread ration      |       |     1 ||     1
       Beef jerky        |       |     1 ||     1
Armor: Scale mail        |    51 |    15 ||    66
Dodge: Dodged            |    37 |    14 ||    51
Block: Shield            |    60 |    25 ||    85
